 Dungeon Crawl Stone Soup version 0.26-a0-651-gb41185065b (webtiles) character file.

Game seed: 7542575927753506114

206 Irenicus the Geomancer (level 5, 29/42 HPs)
             Began as a Deep Dwarf Earth Elementalist on Oct 18, 2020.
             Quit the game on level 2 of the Dungeon.
             The game lasted 00:05:32 (1002 turns).

Irenicus the Geomancer (DDEE)                       Turns: 1002, Time: 00:05:32

Health: 29/42      AC:  6    Str: 12    XL:     5   Next: 53%
Magic:  7/7        EV: 11    Int: 16    God:
Gold:   101        SH:  0    Dex: 13    Spells: 4/7 levels left

rFire    . . .     SeeInvis .   d - +1 dagger
rCold    . . .     Faith    .   (no shield)
rNeg     . . .     Spirit   .   g - +0 ring mail
rPois    .         Reflect  .   i - +0 helmet
rElec    .         Harm     .   (no cloak)
rCorr    .         Rampage  .   (no gloves)
MR       .....                  (no boots)
Stlth    +.........             (no amulet)
HPRegen  0.00/turn              (no ring)
MPRegen  0.10/turn              (no ring)

@: non-regenerating
A: damage resistance, heal wounds, sense surroundings 1, no regeneration
a: Heal Wounds


You were on level 2 of the Dungeon.
You visited 1 branch of the dungeon, and saw 2 of its levels.

You collected 101 gold pieces.

Inventory:

Hand Weapons
 d - a +1 dagger (weapon)
   (You found it on level 1 of the Dungeon)
Missiles
 e - 28 stones (quivered)
 f - 3 curare-tipped darts
Armour
 c - a cursed +0 robe
   (You found it on level 1 of the Dungeon)
 g - a +0 ring mail (worn)
   (You found it on level 1 of the Dungeon)
 i - a +0 helmet (worn)
   (You found it on level 1 of the Dungeon)
Scrolls
 a - a scroll of enchant weapon
 b - a scroll of identify
 j - 2 scrolls of remove curse
 k - 2 scrolls of teleportation
Potions
 h - a potion of curing


   Skills:
 - Level 2.1 Dodging
 - Level 2.4 Stealth
 - Level 1.7 Spellcasting
 - Level 0.8 Transmutations
 + Level 8.4 Earth Magic


You had 4 spell levels left.
You knew the following spells:

 Your Spells              Type           Power        Failure   Level
a - Sandblast             Erth           ####..       1%          1
w - Passwall              Tmut/Erth      ###.....     11%         2

Your spell library contained the following spells:

 Spells                   Type           Power        Failure   Level
 Stone Arrow              Conj/Erth      ##....       26%         3
 Petrify                  Tmut/Erth      ###.....     58%         4
 Lee's Rapid Deconstruct  Erth           ####......   38%         5


Dungeon Overview and Level Annotations

Branches:
Dungeon (2/15)

Altars:
Gozag
Zin


Innate Abilities, Weirdness & Mutations

You are resistant to damage.
You can heal yourself by infusing magical energy.
You passively map a small area around you.
You do not regenerate.


Message History

You hit the worker ant but do no damage.
The worker ant misses you.
You are too injured to fight recklessly!
You are too injured to fight recklessly!
You are too injured to fight recklessly!
You are too injured to fight recklessly!
It was a potion of brilliance.
You feel clever all of a sudden. The worker ant misses you.
You aren't carrying any items that you can evoke.
Okay, then.
As you read the scroll labeled HICUH CEECIN, it crumbles to dust.
You hear snatches of song.
It was a scroll of random uselessness.
The worker ant barely misses you.
As you read the scroll labeled ETUYRR VAHOSAC, it crumbles to dust.
You feel strangely unstable.
It was a scroll of teleportation.
The worker ant misses you. The worker ant bites you.
* * * LOW HITPOINT WARNING * * *
You take 2 damage, and have 3/42 hp.
Your surroundings suddenly seem different.
You feel much better.
You regained 27 hp, and now have 30/42 hp.
There is an open door here.
k - 2 scrolls of teleportation (gained 1)
You are no longer poisoned.
Found 13 gold pieces.
Found a stone staircase leading down.
You now have 101 gold pieces (gained 13).
b - a scroll of identify You see here a dagger.
You open the door.
You feel a little less clever now.
A dart slug comes into view.
There is an open door here.
You see here a wand of polymorph (9).
Casting: Sandblast (safe; 1% risk of failure)
Confirm with . or Enter, or press ? or * to list all spells.
Aiming: Sandblast (safe; 1% risk of failure)
Press: ? - help, Shift-Dir - straight line, f - dart slug
Aim: a dart slug You don't have any stones to cast with.
Casting: Sandblast (safe; 1% risk of failure)
Confirm with . or Enter, or press ? or * to list all spells.
Aiming: Sandblast (safe; 1% risk of failure)
Press: ? - help, Shift-Dir - straight line, f/p - dart slug
Aim: a dart slug You don't have any stones to cast with.
Casting: Sandblast (safe; 1% risk of failure)
Confirm with . or Enter, or press ? or * to list all spells.
You don't know that spell.
You hit the dart slug.
The dart slug is heavily wounded.
The dart slug misses you.
You hit the dart slug but do no damage.
The dart slug is heavily wounded.
You hit the dart slug.
The dart slug is severely wounded.
The dart slug launches a dart at you.
The slug dart hits you but does no damage.
You hit the dart slug.
You kill the dart slug!
You see here a wand of polymorph (9).
A frilled lizard comes into view.
The frilled lizard hisses angrily.
You closely miss the frilled lizard. The frilled lizard closely misses you.
You hit the frilled lizard.
You kill the frilled lizard!
A worm comes into view.
The helpless worm fails to defend itself.
You puncture the worm!
The worm is heavily wounded.
You hit the worm.
The worm is severely wounded.
The worm bites you.
You hit the worm.
The worm is severely wounded.
The worm bites you.
You take 1 damage, and have 29/42 hp.
You completely miss the worm.
The worm is severely wounded.
You barely miss the worm.
The worm is severely wounded.
The worm bites you but does no damage.
You hit the worm.
The worm is almost dead.
You hit the worm.
You kill the worm!
You see here a worm corpse.
e - 28 stones You open the door.
Found an escape hatch in the floor.
There is an open door here.
There is an escape hatch in the floor here.
l - a scroll labeled PANGES SUOZUERCH
As you read the scroll labeled PANGES SUOZUERCH, it crumbles to dust.
You hear a loud clanging noise!
It was a scroll of noise.
Search for what [? for help]?
Okay, then.
Are you sure you want to abandon this character and quit the game? (Confirm with "yes".)

#.# #######...........?......(.
#.# #.##.#####'#######.##
#.#########.##.#####.#.........
#.....†..............#.#####.##
#.#########.##.####..#.# #.#
#.# #.##.........# #.# #.#
#.#######..#######.## ###
####.#######............
.......@...>.########.##
############.# #.# ### #.##
#... ####


There were no monsters in sight!

Vanquished Creatures
  Sigmund (D:2)
  A worker ant (D:2)
  An adder (D:2)
  2 dart slugs (D:2)
  A worm (D:2)
  6 goblins
  2 kobolds
  A quokka (D:2)
  5 bats
  2 frilled lizards
  4 rats
26 creatures vanquished.

Notes
Turn   | Place    | Note
-------+----------+-------------------------------------------
     0 | D:1      | Irenicus the Deep Dwarf Earth Elementalist began the quest
                  | for the Orb.
     0 | D:1      | Reached XP level 1. HP: 15/15 MP: 3/3
   209 | D:1      | Reached XP level 2. HP: 22/22 MP: 0/4
   303 | D:1      | Learned a level 2 spell: Passwall
   332 | D:1      | Reached skill level 5 in Earth Magic
   479 | D:2      | Noticed Sigmund
   491 | D:2      | HP: 5/22 [something/magic dart (4)]
   494 | D:2      | Killed Sigmund
   494 | D:2      | Reached skill level 7 in Earth Magic
   494 | D:2      | Reached XP level 3. HP: 17/28 MP: 0/5
   494 | D:2      | Reached XP level 4. HP: 22/36 MP: 0/6
   494 | D:2      | Reached XP level 5. HP: 26/42 MP: 0/7
   570 | D:2      | Found a glowing silver altar of Zin.
   570 | D:2      | Found an opulent altar of Gozag.
   689 | D:2      | Reached skill level 8 in Earth Magic
   867 | D:2      | HP: 8/42 [worm (5)]
   880 | D:2      | HP: 3/42 [worker ant (2)]
  1002 | D:2      | Quit the game

Illustrated notes

Levels and vault maps discovered:
D:1:      moated_graveyard_arrival, layout_basic
D:2:      layout_basic, grunt_temple_overflow_gold_and_silver, uniq_sigmund

Skill      XL: |  1  2  3  4  5 |
---------------+----------------+-----
Earth Magic    | 7 8 |  8.4
Dodging        | |  2.1
Stealth        | |  2.4
Spellcasting   | |  1.7
Transmutations | |  0.8

Action                   |  1- 3 |  4- 6 || total
-------------------------+-------+-------++-------
Melee: Dagger            |     6 |    70 ||    76
Throw: Dart              |     3 |       ||     3
 Cast: Sandblast         |    18 |    13 ||    31
       Passwall          |     2 |       ||     2
 Abil: Heal Wounds       |       |     2 ||     2
  Use: Scroll            |     3 |     4 ||     7
       Potion            |     1 |     1 ||     2
 Stab: Sleeping          |     1 |     1 ||     2
Armor: Ring mail         |     7 |    37 ||    44
Dodge: Dodged            |     6 |    78 ||    84

Table legend: (Time is in decaauts)
 A = Elapsed time spent in this place.
 B = Non-inter-level travel time spent in this place.
 C = Inter-level travel time spent in this place.
 D = Time resting spent in this place.
 E = Time spent auto-exploring this place.
 F = Levels seen in this place.
 G = Mean time per level.
                   A        B        C        D        E       F      G
               +--------+--------+--------+--------+--------+-----+--------+
         Total |   1001 |   1001 |      0 |      0 |     89 |   2 |  500.5 |
       Dungeon |   1001 |   1001 |      0 |      0 |     89 |   2 |  500.5 |
               +--------+--------+--------+--------+--------+-----+--------+

Top non-repeatable levels by time:
     D:2: 522 daAuts
     D:1: 478 daAuts

Table legend:
 A = Kills in this place as a percentage of kills in entire the game.
 B = Kills by you in this place as a percentage of kills by you in the entire game.
 C = Kills by friends in this place as a percentage of kills by friends in the entire game.
 D = Other kills in this place as a percentage of other kills in the entire game.
 E = Experience gained in this place as a percentage of experience gained in the entire game.
 F = Experience gained in this place divided by the number of levels of this place that you have seen.
                   A       B       C       D       E      F
               +-------+-------+-------+-------+-------+----------------------
         Total | 100.0 | 100.0 |   N/A |   N/A | 100.0 | 147.5
       Dungeon | 100.0 | 100.0 |   N/A |   N/A | 100.0 | 147.5
               +-------+-------+-------+-------+-------+----------------------
